 Dungeon Crawl Stone Soup version 0.22-a0-274-gf8199ec (webtiles) character file.

1134 RoseArtemis the Poker (level 8, -5/71 HPs)
             Began as a Minotaur Fighter on Mar 15, 2018.
             Was a Believer of Trog.
             Slain by an ice beast (10 damage)
             ... on level 6 of the Dungeon.
             The game lasted 00:12:22 (5185 turns).

RoseArtemis the Poker (Minotaur Fighter)            Turns: 5185, Time: 00:12:23

Health: -5/71      AC:  4    Str: 21    XL:     8   Next: 14%
Magic:  7/7        EV:  2    Int:  6    God:    Trog [**....]
Gold:   251        SH: 17    Dex: 11    Spells: 7/7 levels left

rFire    + . .     SeeInvis .   a - +0 trident
rCold    . . .     Gourm    .   u - +2 large shield
rNeg     . . .     Faith    .   o - +0 plate armour (curse)
rPois    .         Spirit   .   (helmet restricted)
rElec    .         Reflect  .   (no cloak)
rCorr    .         Harm     .   (no gloves)
MR       .....                  (no boots)
Stlth    ..........             (no amulet)
HPRegen  0.21/turn              c - ring of protection from fire
MPRegen  0.10/turn              (no ring)

@: corroded
A: retaliatory headbutt, horns 2
a: Berserk, Trog's Hand, Renounce Religion


You were on level 6 of the Dungeon.
You worshipped Trog.
Trog was pleased with you.
You were hungry.

You visited 1 branch of the dungeon, and saw 6 of its levels.

You collected 251 gold pieces.

Inventory:

Hand Weapons
 a - a +0 trident (weapon)
Armour
 o - a cursed +0 plate armour (worn)
 u - a +2 large shield (worn)
Jewellery
 c - a ring of protection from fire (left hand)
 k - an uncursed ring of ice
 v - an uncursed ring of fire
Scrolls
 b - a scroll of immolation {unknown}
 e - a scroll of fear {unknown}
 j - a scroll of fog
 m - 6 scrolls of teleportation
 p - a scroll of magic mapping
 x - a scroll of amnesia {unknown}
Potions
 d - 2 potions of might
 g - 2 potions of lignification {unknown}
 h - 2 potions of curing
 i - a potion of degeneration {unknown}
 l - a potion of mutation {unknown}
 n - a potion of cancellation {unknown}
 q - a potion of agility {unknown}
 r - a potion of heal wounds {unknown}
 s - 3 potions of ambrosia {unknown}
 t - a potion of resistance {unknown}
Comestibles
 f - 9 rations


   Skills:
 + Level 6.4 Fighting
 * Level 7.6 Polearms
 + Level 6.2 Armour
 + Level 6.2 Shields


You had 7 spell levels left.
You didn't know any spells.

Dungeon Overview and Level Annotations

Branches:
Dungeon (6/15)
 Temple: D:4-7

Altars:
Gozag
Sif Muna
Trog

Shops:
D:2 *

Annotations:
D:4 1 runed door


Innate Abilities, Weirdness & Mutations

You reflexively headbutt those who attack you in melee.
You have a pair of horns on your head.


Message History

The ice beast is moderately wounded.
The ice beast hits you but does no damage.
You hit the ice beast but do no damage. Your headbutt misses the ice beast.
The ice beast is moderately wounded.
You block the ice beast's attack. x2
Your shield and plate armour prevent you from hitting the ice beast.
The ice beast is moderately wounded.
You block the ice beast's attack.
Your plate armour prevents you from hitting the ice beast.
The ice beast is moderately wounded.
The ice beast hits you but does no damage.
You hit the ice beast. You headbutt the ice beast.
The ice beast is severely wounded.
The ice beast hits you but does no damage.
Your shield and plate armour prevent you from hitting the ice beast.
The ice beast is severely wounded.
The ice beast hits you.
* * * LOW HITPOINT WARNING * * *
The ice beast freezes you!
You die...

.. . .## .
..### #%.
#...# ##..#
#...#
#.....#†Y.#
#..>.@†.#
##$##...#
>...#
#.#### #.
#> ##


You could see an ice beast.

Vanquished Creatures
  Duvessa (D:4)
  An orc warrior (D:4)
  A sky beast (D:5)
  3 ogres
  Dowan (D:4)
  A scorpion (D:4)
  A hound (D:5)
  A jelly (D:6)
  2 orc wizards (D:4)
  2 iguanas
  4 worker ants
  A worker ant zombie (D:5)
  Robin (D:4)
  6 gnolls
  2 adders (D:2)
  2 worms (D:2)
  5 dart slugs
  2 leopard geckos
  8 orcs
  A ball python (D:2)
  6 giant cockroaches
  13 goblins
  6 hobgoblins
  10 jackals
  3 quokkas
  7 bats
  2 frilled lizards
  11 kobolds
  2 quokka skeletons (D:4)
  13 rats
119 creatures vanquished.

Notes
Turn   | Place    | Note
-------+----------+-------------------------------------------
     0 | D:1      | RoseArtemis the Minotaur Fighter began the quest for the Orb.
     0 | D:1      | Reached XP level 1. HP: 19/19 MP: 0/0
   330 | D:1      | Reached XP level 2. HP: 27/27 MP: 1/1
   447 | D:1      | Reached skill level 3 in Polearms
  1054 | D:2      | Reached XP level 3. HP: 32/33 MP: 2/2
  1123 | D:2      | Found a bloodstained altar of Trog.
  1166 | D:2      | Became a worshipper of Trog the Wrathful
  1530 | D:2      | Found a deep blue altar of Sif Muna.
  1686 | D:2      | Reached XP level 4. HP: 40/40 MP: 3/3
  1812 | D:2      | Found an opulent altar of Gozag.
  1816 | D:2      | Found Gozag's Platinum Reserve.
  2044 | D:3      | Reached * piety under Trog
  2059 | D:2      | Reached skill level 4 in Polearms
  2719 | D:3      | Reached XP level 5. HP: 47/47 MP: 4/4
  3196 | D:4      | Noticed an ogre
  3202 | D:4      | Killed an ogre
  3202 | D:4      | Reached skill level 5 in Fighting
  3202 | D:4      | Reached skill level 5 in Polearms
  3202 | D:4      | Reached XP level 6. HP: 29/56 MP: 5/5
  3394 | D:4      | Reached skill level 5 in Shields
  3537 | D:4      | Noticed Robin
  3760 | D:4      | Found a runed door.
  3881 | D:4      | Reached skill level 5 in Armour
  4040 | D:4      | Killed Robin
  4051 | D:4      | Reached ** piety under Trog
  4182 | D:4      | Noticed Duvessa
  4182 | D:4      | Noticed Dowan
  4182 | D:4      | Noticed an orc warrior
  4212 | D:4      | Killed Duvessa
  4212 | D:4      | Reached skill level 6 in Polearms
  4212 | D:4      | Reached XP level 7. HP: 54/61 MP: 6/6
  4234 | D:4      | Killed Dowan
  4587 | D:5      | Entered Level 5 of the Dungeon
  4692 | D:5      | Reached skill level 7 in Polearms
  5046 | D:5      | Reached XP level 8. HP: 70/70 MP: 7/7
  5185 | D:6      | Slain by an ice beast

Vault maps used:
D:1:      evilmike_arrival_plus
D:2:      led_sif_pool, nicolae_gozag_zags_fifth_avenue, first_ration,
          trog_butcher_becter
D:4:      uniq_duvessa, uniq_robin, uniq_crazy_yiuf_cottage
D:6:      kennysheep_mini_moat, minmay_temple_entry_enclosed_plants,
          roderic_batcave

Skill      XL: |  1  2  3  4  5  6  7 |
---------------+----------------------+-----
Polearms       | 3 4 5 6 7 |  7.6
Fighting       | 4 5 6 |  6.4
Armour         | 4 5 6 |  6.2
Shields        | 4 5 6 |  6.2

Action                   |  1- 3 |  4- 6 |  7- 9 || total
-------------------------+-------+-------+-------++-------
Melee: Trident           |   100 |   249 |    76 ||   425
       Headbutt          |    13 |    28 |    14 ||    55
Invok: Berserk           |       |     1 |       ||     1
  Use: Scroll            |     2 |     4 |     2 ||     8
  Eat: Chunk             |     3 |     8 |       ||    11
       Ration            |       |       |     1 ||     1
Armor: Scale mail        |     9 |       |       ||     9
       Plate armour      |    21 |    93 |    23 ||   137
Dodge: Dodged            |    10 |    22 |     3 ||    35
Block: Shield            |    37 |    40 |       ||    77
       Large shield      |       |   106 |    60 ||   166

Table legend:
 A = Spawn XP
 B = Non-spawn XP
 C = Spawn XP percentage of total XP
 D = Spawn monster count
 E = Non-spawn monster count
 F = Spawn count percentage of total count
 G = Total turns spent on level
                    A         B        C        D         E        F      G
               +---------+---------+-------+---------+---------+-------+---------
         Total |       0 |    1620 |   0.0 |       0 |     119 |   0.0 |  5185
               +---------+---------+-------+---------+---------+-------+---------
           D:1 |       0 |      29 |   0.0 |       0 |      16 |   0.0 |   994
           D:2 |       0 |     100 |   0.0 |       0 |      34 |   0.0 |  1113
           D:3 |       0 |     112 |   0.0 |       0 |      28 |   0.0 |  1161
           D:4 |       0 |     817 |   0.0 |       0 |      30 |   0.0 |  1319
           D:5 |       0 |     476 |   0.0 |       0 |       6 |   0.0 |   570
           D:6 |       0 |      86 |   0.0 |       0 |       5 |   0.0 |    28
               +---------+---------+-------+---------+---------+-------+---------
